 Dungeon Crawl Stone Soup version 0.31-a0-358-gac0dbeb3ab (webtiles) character file.

Game seed: 7186819679573078933

1827 Essalna the Zephyrmancer (level 9, 0/54 HPs)
             Began as a Tengu Air Elementalist on July 25, 2023.
             Killed from afar by a steam dragon (20 damage)
             ... with a ball of steam
             ... on level 6 of the Dungeon.
             The game lasted 00:14:18 (7520 turns).

Essalna the Zephyrmancer (Tengu Air Elementalist)   Turns: 7520, Time: 00:14:18

Health: 0/54       AC:  3    Str:  8    XL:     9   Next: 11%
Magic:  16/17      EV: 14    Int: 19    God:
Gold:   259        SH:  7    Dex: 16    Spells: 7/17 levels left

rFire   . . .        v - +0 dagger (venom)
rCold   . . .        k - +2 buckler
rNeg    . . .        a - +0 robe
rPois   .            (helmet restricted)
rElec   .            (no cloak)
rCorr   .            q - +0 pair of gloves
SInv    .            (boots unavailable)
Will    .....        (no amulet)
Stlth   ++           (no ring)
HPRegen 0.29/turn    (no ring)
MPRegen 0.15/turn

%: no passive effects
@: flying quickly and evasively, quick
A: beak, talons 3, nimble flight
a: no special abilities


You were on level 6 of the Dungeon.
You visited 1 branch of the dungeon, and saw 6 of its levels.

You collected 259 gold pieces.

Inventory:

Hand Weapons
 p - the +6 flail of Bloody Death {freeze, rElec rC- Will++ rCorr Str+3}
   (You found it on level 3 of the Dungeon)

   Str:       It affects your strength (+3).
   rC:        It makes you vulnerable to cold.
   rElec:     It insulates you from electricity.
   rCorr:     It protects you from acid and corrosion.
   Will:      It greatly increases your willpower.
 v - a +0 dagger of venom (weapon)
Armour
 a - a +0 robe (worn)
 k - a +2 buckler (worn)
 q - a +0 pair of gloves (worn)
Jewellery
 y - a ring of positive energy
Wands
 u - a wand of roots (4)
 x - a wand of mindburst (4)
Scrolls
 d - 2 scrolls of blinking {unknown}
 g - a scroll of revelation
 h - 2 scrolls of teleportation {unknown}
 l - 6 scrolls of identify {unknown}
 n - a scroll of fear {unknown}
 r - 2 scrolls of vulnerability {unknown}
 s - 3 scrolls of enchant weapon {unknown}
 t - 2 scrolls of enchant armour {unknown}
 w - a scroll of silence {unknown}
 z - a scroll of amnesia {unknown}
 A - a scroll of brand weapon {unknown}
Potions
 b - a potion of magic
 c - 2 potions of berserk rage {unknown}
 e - 7 potions of curing
 f - 2 potions of invisibility {unknown}
 i - a potion of might {unknown}
 j - a potion of attraction {unknown}
 m - a potion of degeneration {unknown}
 o - 3 potions of heal wounds {unknown}


   Skills:
 + Level 5.2 Fighting
 - Level 2.1 Dodging
 - Level 2.0 Stealth
 - Level 4.0 Shields
 + Level 4.7 Spellcasting
 - Level 6.1 Conjurations
 + Level 3.2 Summonings
 + Level 8.2 Air Magic


You had 7 spell levels left.
You knew the following spells:

 Your Spells              Type           Power      Damage    Failure   Level
a - Shock                 Conj/Air       100%       1d9       1%          1
b - Static Discharge      Conj/Air       62%        2-5/arc   1%          2
c - Swiftness             Air            35%        N/A       1%          3
d - Summon Lightning Spi  Summ/Air       26%        N/A       19%         4

Your spell library contained the following spells:

 Spells                   Type           Power      Damage    Failure   Level
 Airstrike                Air            17%        2d(3-19)  6%          4
 Cigotuvi's Dreadful Rot  Necr/Pois/Air  28%        N/A       10%         2
 Hailstorm                Conj/Ice       16%        3d6       16%         3
 Stone Arrow              Conj/Erth      32%        3d9       16%         3
 Slow                     Hex            16%        N/A       19%         1
 Sublimation of Blood     Necr           4%         N/A       28%         2
 Wereblood                Tmut           4%         N/A       28%         2
 Confusing Touch          Hex            4%         N/A       50%         3
 Ignite Poison            Fire/Tmut/Pois 4%         N/A       50%         3
 Vampiric Draining        Necr           4%         2d6       50%         3
 Freezing Cloud           Conj/Ice/Air   11%        6-21      58%         5
 Animate Armour           Summ/Erth      20%        N/A       69%         4
 Summon Ice Beast         Ice/Summ       10%        N/A       69%         4
 Conjure Ball Lightning   Conj/Air       15%        3x3d6     83%         6
 Simulacrum               Ice/Necr       2%         N/A       100%        6
 Summon Hydra             Summ           8%         N/A       100%        7
 Discord                  Hex            2%         N/A       100%        8
 Disjunction              Tloc           2%         N/A       100%        8
 Lehudib's Crystal Spear  Conj/Erth      8%         10d3      100%        8


Dungeon Overview and Level Annotations

Branches:
Dungeon (6/15)
 Temple: D:4-7

Altars:
Cheibriados
Dithmenos

Annotations:
D:2 Robin
D:4 Dowan, Duvessa


Innate Abilities, Weirdness & Mutations

You have a beak for a mouth.
You have claws for feet.
Your magical nature lets you fly swiftly and evasively.


Message History

Key pressed, stopping explore.
An orc comes into view. It is wielding a +0 club.
The zap hits the orc!
You kill the orc!
You can't see any susceptible monsters within range! (Use Z to cast anyway.)
You can't see any susceptible monsters within range! (Use Z to cast anyway.)
Things that are here:
a +0 club; a +0 leather armour
Found a stone staircase leading up.
Key pressed, stopping explore.
Found a stone.
Found 6 stones.
A steam dragon comes into view.
A steam dragon is nearby!
A steam dragon is nearby!
The zap hits the steam dragon.
The steam dragon is lightly wounded.
The steam dragon hisses angrily.
The steam dragon breathes steam at you. The ball of steam hits you!!
You are too injured to fight recklessly!
Casting: Shock (safe; 1% risk of failure)
Confirm with . or Enter, or press ? or * to list all spells.
Aiming: Shock (safe; 1% risk of failure)
Press: ? - help, Shift-Dir - straight line, f/p - steam dragon
Aim: a steam dragon (lightly wounded, 74% to hit)
The zap hits the steam dragon!
The steam dragon is moderately wounded.
The zap hits the steam dragon but does no damage.
The steam dragon is moderately wounded.
The steam dragon breathes steam at you. The ball of steam hits you!
Casting: Shock (safe; 1% risk of failure)
Confirm with . or Enter, or press ? or * to list all spells.
You can't see any susceptible monsters within range! (Use Z to cast anyway.) Unknown command.
A steam dragon is nearby!
The steam dragon breathes steam at you. The ball of steam hits you!!
You die...

###.### #..D§D
########D#.##...
######..D§§..........
#.......#####.#.##.##
#.####........# #
#### #.# #§######.#
#. .....####.####§#
#.# #.# #........<@.#
#.# #.# ####...######
#(# #.# #.### #.. #.#
#.# #.### #.# #.#.##
##.####
#..#.####.....##
#.###..........#
.#####.##.........


There were no monsters in sight!

Vanquished Creatures
  A hornet (D:5)
  Eustachio (D:4)
  A sky beast (D:6)
  2 ice beasts (D:6)
  3 black bears
  An ogre (D:6)
  A centaur (D:5)
  A scorpion (D:4)
  2 howler monkeys
  4 jellies
  3 hounds
  Terence (D:2)
  2 orc wizards
  A sleepcap (D:4)
  8 gnolls
  9 adders
  2 white imps (D:6)
  An ufetubus (D:3)
  A worm (D:2)
  4 dart slugs
  16 orcs
  10 ball pythons
  5 bats (D:1)
  8 endoplasms
  4 giant cockroaches (D:1)
  17 goblins
  23 hobgoblins
  7 jackals
  9 kobolds
  6 quokkas
  3 frilled lizards (D:1)
  9 rats
166 creatures vanquished.

Notes
Turn   | Place    | Note
-------+----------+-------------------------------------------
     0 | D:1      | Essalna the Tengu Air Elementalist began the quest for the
                  | Orb.
     0 | D:1      | Reached XP level 1. HP: 10/10 MP: 4/4
   147 | D:1      | Reached XP level 2. HP: 10/16 MP: 0/6
   254 | D:1      | Reached skill level 1 in Fighting
   504 | D:1      | Reached XP level 3. HP: 20/20 MP: 2/7
  1278 | D:2      | Reached XP level 4. HP: 26/26 MP: 0/8
  1708 | D:2      | Reached skill level 5 in Air Magic
  1730 | D:2      | Noticed Robin
  2101 | D:2      | Noticed Terence
  2117 | D:2      | Killed Terence
  2118 | D:2      | Reached skill level 1 in Shields
  2118 | D:2      | Gained mutation: Your magical nature lets you fly swiftly
                  | and evasively. [Tengu growth]
  2118 | D:2      | Reached XP level 5. HP: 20/30 MP: 2/9
  2193 | D:2      | Found a faded altar of an unknown god.
  2222 | D:2      | Learned a level 2 spell: Static Discharge
  2226 | D:2      | Learned a level 3 spell: Swiftness
  2702 | D:3      | Identified the +6 flail of Bloody Death {freeze, rElec rC-
                  | Will++ rCorr Str+3}
  3959 | D:4      | Reached XP level 6. HP: 36/36 MP: 6/10
  4849 | D:4      | Noticed Eustachio
  4851 | D:4      | Noticed a black bear
  4868 | D:4      | Noticed Dowan
  4871 | D:4      | Noticed Duvessa
  4880 | D:3      | Reached skill level 6 in Air Magic
  5208 | D:4      | Reached XP level 7. HP: 30/41 MP: 8/12
  5394 | D:4      | Reached skill level 5 in Conjurations
  5583 | D:4      | Killed Eustachio
  5637 | D:5      | Entered Level 5 of the Dungeon
  5655 | D:5      | Noticed a hornet
  5662 | D:5      | Paralysed by a hornet for 1 turns
  5665 | D:5      | Killed a hornet
  5665 | D:5      | HP: 1/42 [poisoned by a hornet]
  5666 | D:5      | Reached skill level 7 in Air Magic
  5666 | D:5      | Reached XP level 8. HP: 1/48 MP: 1/14
  6226 | D:5      | Learned a level 4 spell: Summon Lightning Spire
  6731 | D:5      | Found a shadowy altar of Dithmenos.
  6731 | D:5      | Found a snail-covered altar of Cheibriados.
  6800 | D:6      | Reached skill level 1 in Summonings
  7056 | D:6      | Reached skill level 5 in Fighting
  7056 | D:6      | Reached skill level 8 in Air Magic
  7205 | D:6      | Reached XP level 9. HP: 54/54 MP: 12/16
  7520 | D:6      | Killed from afar by a steam dragon

Illustrated notes

Levels and vault maps discovered:
D:1:      dpeg_arrival_three_bigger_balls, layout_rooms,
          kennysheep_small_spiral, chequers_mini_garden, minmay_hexomino_c4
D:2:      layout_basic, hellmonk_ecumenical_altar_arch_garden, uniq_robin,
          uniq_terence
D:3:      layout_basic
D:4:      corexii_shantytown, layout_loops_ring, uniq_eustachio, uniq_duvessa
D:5:      layout_loops_ring, gammafunk_temple_overflow_elements
D:6:      layout_loops_ring, temple_green

Skill      XL: |  1  2  3  4  5  6  7  8  9 |
---------------+----------------------------+-----
Conjurations   | 2 3 4 5 6 |  6.1
Fighting       | 1 2 3 4 5 |  5.2
Air Magic      | 5 6 7 8 |  8.2
Shields        | 1 2 3 4 |  4.0
Spellcasting   | 3 4 |  4.7
Summonings     | 2 3 |  3.2
Dodging        | |  2.1
Stealth        | |  2.0

Action                     |  1- 3 |  4- 6 |  7- 9 || total
---------------------------+-------+-------+-------++-------
  Melee: Unarmed           |    10 |     3 |       ||    13
         Punch             |     1 |       |       ||     1
         Kick              |     3 |     2 |    13 ||    18
         Dagger            |       |     7 |    29 ||    36
         Peck              |       |     2 |    11 ||    13
   Cast: Shock             |    75 |   189 |   117 ||   381
         Static Discharge  |       |     2 |    12 ||    14
    Use: Scroll            |       |     2 |       ||     2
         Potion            |       |       |     1 ||     1
 Armour: Robe              |    30 |     5 |     8 ||    43
  Dodge: Dodged            |    53 |    43 |    31 ||   127
  Block: Buckler           |       |    30 |    19 ||    49

Table legend: (Time is in decaauts)
 A = Elapsed time spent in this place.
 B = Non-inter-level travel time spent in this place.
 C = Inter-level travel time spent in this place.
 D = Time resting spent in this place.
 E = Time spent auto-exploring this place.
 F = Levels seen in this place.
 G = Mean time per level.
                   A        B        C        D        E       F      G
               +--------+--------+--------+--------+--------+-----+--------+
         Total |   7281 |   7117 |    164 |     20 |   6183 |   6 | 1213.5 |
       Dungeon |   7281 |   7117 |    164 |     20 |   6183 |   6 | 1213.5 |
               +--------+--------+--------+--------+--------+-----+--------+

Top non-repeatable levels by time:
     D:4: 1920 daAuts
     D:1: 1252 daAuts
     D:3: 1210 daAuts
     D:2: 1094 daAuts
     D:5: 1060 daAuts
     D:6: 743 daAuts
